 Dungeon Crawl Stone Soup version 0.29-a0-222-g5b244fca1f (webtiles) character file.

Game seed: 6454831698213996673

1765 Hasart the Bolt Thrower (level 8, -2/67 HPs)
             Began as a Demigod Hunter on Feb 27, 2022.
             Engulfed by a steam dragon's steam (6 damage)
             ... on level 5 of the Dungeon.
             The game lasted 00:08:33 (5473 turns).

Hasart the Bolt Thrower (Demigod Hunter)            Turns: 5473, Time: 00:08:33

Health: -2/67      AC:  4    Str: 13    XL:     8   Next: 50%
Magic:  10/10      EV: 15    Int: 13    God:
Gold:   363        SH:  0    Dex: 25    Spells: 7/7 levels left

rFire   . . .      SeeInvis .   a - +1 hand crossbow (vorpal)
rCold   . . .      Faith    +   (no shield)
rNeg    + + .      Spirit   .   b - +0 leather armour
rPois   +          Reflect  .   (no helmet)
rElec   +          Harm     .   l - +0 cloak
rCorr   .          Rampage  .   (no gloves)
Will    .....                   (no boots)
Stlth   +++.......              f - amulet "Opegoz" {Faith rElec rPois rN++ Dex+3}
HPRegen 0.21/turn               (no ring)
MPRegen 0.12/turn               (no ring)

@: no status effects
A: high MP 1, forlorn, divine attributes
a: no special abilities


You were on level 5 of the Dungeon.
You visited 1 branch of the dungeon, and saw 5 of its levels.

You collected 363 gold pieces.

Inventory:

Hand Weapons
 a - a +1 vorpal hand crossbow (weapon)
Armour
 b - a +0 leather armour (worn)
 l - a +0 cloak (worn)
Jewellery
 e - an amulet of regeneration
 f - the amulet "Opegoz" (around neck) {Faith rElec rPois rN++ Dex+3}
   (You found it on level 2 of the Dungeon)

   [amulet of faith]

   It allows you to gain divine favour quickly.
   Dex:       It affects your dexterity (+3).
   rElec:     It insulates you from electricity.
   rPois:     It protects you from poison.
   rN:        It greatly protects you from negative energy.
 m - a ring of positive energy
Scrolls
 c - 2 scrolls of immolation {unknown}
 d - 7 scrolls of identify {unknown}
 g - 3 scrolls of enchant armour {unknown}
 k - a scroll of fear {unknown}
 p - 3 scrolls of enchant weapon {unknown}
Potions
 h - a potion of flight {unknown}
 i - a potion of invisibility {unknown}
 j - a potion of berserk rage {unknown}
 n - a potion of heal wounds
 o - a potion of curing {unknown}


   Skills:
 + Level 4.9 Fighting
 * Level 7.5 Crossbows
 + Level 4.9 Dodging
 + Level 5.0 Stealth


You had 7 spell levels left.
You didn't know any spells.
Your spell library contained the following spells:

 Spells                   Type           Power      Damage    Failure   Level
 Ozocubu's Armour         Ice            0%         N/A       75%         3
 Ozocubu's Refrigeration  Ice            0%         4d5       100%        7


Dungeon Overview and Level Annotations

Branches:
Dungeon (5/15)             Temple (0/1) D:5

Shops:
D:1 !

Annotations:
D:4 1 runed translucent door, Crazy Yiuf


Innate Abilities, Weirdness & Mutations

You have an increased reservoir of magic. (+10% MP)
You shall have no god before yourself.
Your divine heritage dramatically boosts your attributes as you level up.


Message History

The steam dragon is heavily wounded.
The steam dragon breathes steam at you. The ball of steam hits you!
No target in view!
No target in view!
You shoot a bolt.
The bolt closely misses the steam dragon.
You shoot a bolt.
The bolt barely misses the steam dragon.
An adder comes into view.
You shoot a bolt. The adder hisses angrily.
The bolt hits the adder!
You kill the adder!
You shoot a bolt.
The bolt barely misses the steam dragon.
The steam dragon breathes steam at you. The ball of steam hits you!!
You are too injured to fight recklessly!
You are too injured to fight recklessly!
Unknown command.
Shoot: a) +1 hand crossbow (vorpal)
Press: ? - help, Q - select action Shift-Dir - straight line, f/p - steam dragon
Aim: a steam dragon (heavily wounded, 71% to hit)
You shoot a bolt.
The bolt barely misses the steam dragon.
Unknown command.
Unknown command.
Shoot: a) +1 hand crossbow (vorpal)
Press: ? - help, Q - select action Shift-Dir - straight line, f/p - steam dragon
Aim: a steam dragon (heavily wounded, 71% to hit)
You shoot a bolt.
The bolt completely misses the steam dragon.
The steam dragon breathes steam at you. The ball of steam hits you!!
* * * LOW HITPOINT WARNING * * *
Unknown command.
Unknown command.
You are engulfed in a cloud of scalding steam.
You die...

..............#
......†....###### #.........#
#§......... #####.§.......# ##
###.≈...§D......#
≈#######≈P.....§.......#
....≈.≈PP.≈PP...§......#
P...............@§§....#
####P.≈....P≈.....§....#
###########P...........#
..........####.........###
.........#######.........
..............##.......#####
.........)..................
...).....).............#########
........###....................


You could see a steam dragon.

Vanquished Creatures
  Pikel (D:4)
  Eustachio (D:4)
  A steam dragon (D:5)
  2 water moccasins (D:5)
  2 ogres
  3 lemures (D:4)
  A phantom (D:4)
  2 orc priests
  2 hounds
  4 jellies
  2 iguanas (D:4)
  2 orc wizards (D:3)
  5 gnolls
  8 adders
  A worm (D:3)
  2 dart slugs
  14 orcs
  7 ball pythons
  13 endoplasms
  5 giant cockroaches
  8 goblins
  9 hobgoblins
  13 kobolds
  6 quokkas
  5 bats
  5 frilled lizards
  2 rats
126 creatures vanquished.

Vanquished Creatures (others)
  18 fungi
  7 toadstools (D:3)
25 creatures vanquished.

Grand Total: 151 creatures vanquished

Notes
Turn   | Place    | Note
-------+----------+-------------------------------------------
     0 | D:1      | Hasart the Demigod Hunter began the quest for the Orb.
     0 | D:1      | Reached XP level 1. HP: 17/17 MP: 3/3
    18 | D:1      | Reached skill level 1 in Stealth
    96 | D:1      | Reached XP level 2. HP: 24/24 MP: 4/4
   115 | D:1      | Found Faeri's Distillery.
   354 | D:1      | Reached skill level 4 in Crossbows
   556 | D:2      | Reached XP level 3. HP: 17/29 MP: 5/5
   556 | D:2      | Identified the amulet "Opegoz" {Faith rElec rPois rN++
                  | Dex+3}
  1042 | D:2      | Reached XP level 4. HP: 37/37 MP: 6/6
  1819 | D:3      | Reached XP level 5. HP: 29/42 MP: 7/7
  2255 | D:3      | Reached skill level 5 in Crossbows
  2437 | D:3      | Reached XP level 6. HP: 47/51 MP: 8/8
  3010 | D:4      | Noticed Eustachio
  3344 | D:4      | Killed Eustachio
  3345 | D:4      | Reached XP level 7. HP: 44/57 MP: 9/9
  3452 | D:4      | Noticed Pikel
  3673 | D:4      | Reached skill level 6 in Crossbows
  4380 | D:4      | Killed Pikel
  4381 | D:4      | Reached XP level 8. HP: 30/67 MP: 10/10
  4735 | D:4      | Found a runed translucent door.
  4736 | D:4      | Noticed Crazy Yiuf
  4763 | D:5      | Entered Level 5 of the Dungeon
  4820 | D:5      | Found a staircase to the Ecumenical Temple.
  4839 | D:5      | Reached skill level 7 in Crossbows
  5183 | D:5      | Noticed a hornet
  5184 | D:5      | Noticed a komodo dragon
  5286 | D:5      | Reached skill level 5 in Stealth
  5473 | D:5      | Engulfed by a steam dragon's steam

Illustrated notes

Levels and vault maps discovered:
D:1:      minmay_arrival_stone_box, layout_rooms, serial_shops, shop,
          chequers_ecumenical_altar_simple, grunt_decor_fettered
D:2:      layout_basic, nicolae_figureground_pulse
D:3:      cheibrodos_fertilizer, layout_loops_corners,
          nicolae_gozag_seed_capital
D:4:      layout_basic, lemuel_crystal_altar, grunt_decor_mini_mirrors,
          st_stairs_3, uniq_crazy_yiuf_cottage, uniq_eustachio, uniq_pikel
D:5:      kennysheep_steamy, layout_basic, minmay_temple_entry_mist,
          lightli_corner_chamber

Skill      XL: |  1  2  3  4  5  6  7  8 |
---------------+-------------------------+-----
Stealth        | 1 2 3 4 5 |  5.0
Dodging        | 2 3 4 |  4.9
Fighting       | 2 3 4 |  4.9
Crossbows      | 4 5 6 7 |  7.5

Action                   |  1- 3 |  4- 6 |  7- 9 || total
-------------------------+-------+-------+-------++-------
 Fire: Hand crossbow     |    98 |   205 |   134 ||   437
  Use: Potion            |       |     2 |       ||     2
       Scroll            |       |     5 |       ||     5
Armor: Leather armour    |     9 |    26 |    14 ||    49
Dodge: Dodged            |    25 |    84 |    54 ||   163

Table legend: (Time is in decaauts)
 A = Elapsed time spent in this place.
 B = Non-inter-level travel time spent in this place.
 C = Inter-level travel time spent in this place.
 D = Time resting spent in this place.
 E = Time spent auto-exploring this place.
 F = Levels seen in this place.
 G = Mean time per level.
                   A        B        C        D        E       F      G
               +--------+--------+--------+--------+--------+-----+--------+
         Total |   5602 |   5461 |    141 |   1180 |   3395 |   5 | 1120.4 |
       Dungeon |   5602 |   5461 |    141 |   1180 |   3395 |   5 | 1120.4 |
               +--------+--------+--------+--------+--------+-----+--------+

Top non-repeatable levels by time:
     D:3: 2097 daAuts
     D:4: 1515 daAuts
     D:2: 811 daAuts
     D:5: 617 daAuts
     D:1: 561 daAuts
